 Dungeon Crawl Stone Soup version 0.30-a0-824-g6c64550be9 (webtiles) character file.

Game seed: 7116044988869318218

305 testman the Stinger (level 6, -10/48 HPs)
             Began as a Draconian Transmuter on Feb 27, 2023.
             Killed from afar by Pikel (12 damage)
             ... with a puff of flame
             ... on level 4 of the Dungeon.
             The game lasted 00:15:01 (2518 turns).

testman the Stinger (Draconian Transmuter)          Turns: 2518, Time: 00:15:02

Health: -10/48     AC:  2    Str: 13    XL:     6   Next: 15%
Magic:  6/9        EV: 19    Int: 15    God:
Gold:   217        SH:  0    Dex: 16    Spells: 0/9 levels left

rFire   . . .      SeeInvis .      - Unarmed
rCold   . . .      Faith    .    (shield currently unavailable)
rNeg    . . .      Spirit   .    (body armour unavailable)
rPois   x          Reflect  .    (helmet currently unavailable)
rElec   .          Harm     .    (cloak currently unavailable)
rCorr   .          Rampage  .    (gloves currently unavailable)
Will    .....                    (boots currently unavailable)
Stlth   +                        (no amulet)
HPRegen 0.28/turn                b - ring of wizardry
MPRegen 0.11/turn                (no ring)

@: spider-form
A: venomous fangs, AC +6, tiny, unfitting armour, (cold-blooded)
a: End Transformation


You were on level 4 of the Dungeon.
You were a venomous arachnid creature.
You visited 1 branch of the dungeon, and saw 4 of its levels.

You collected 217 gold pieces.

Inventory:

Armour
 i - a +0 kite shield
 p - a +0 pair of boots (melded)
Jewellery
 b - a ring of wizardry (left front pincers)
Wands
 k - a wand of iceblast (8)
Scrolls
 c - 3 scrolls of identify {unknown}
 d - 3 scrolls of fog {unknown}
 f - 2 scrolls of fear {unknown}
 g - 3 scrolls of immolation {unknown}
 l - a scroll of poison {unknown}
Potions
 a - 2 potions of lignification
 e - a potion of mutation {unknown}
 h - 2 potions of flight {unknown}
 j - a potion of haste
 m - 2 potions of berserk rage {unknown}
 n - a potion of heal wounds {unknown}
 o - a potion of curing {unknown}


   Skills:
 + Level 1.9 Fighting
 - Level 1.7 Dodging
 + Level 3.3 Unarmed Combat
 + Level 2.3 Spellcasting
 + Level 1.0 Translocations
 - Level 3.0 Transmutations
 + Level 4.8 Poison Magic


You couldn't memorise any spells.
You knew the following spells:

 Your Spells              Type           Power      Damage    Failure   Level
a - Beastly Appendage     Tmut           20%        N/A       7%          1
b - Wereblood             Tmut           10%        N/A       10%         2
c - Sting                 Tmut/Pois      52%        1d5       5%          1
d - Spider Form           Tmut/Pois      13%        N/A       12%         3
e - Blink                 Tloc           10%        N/A       17%         2

Your spell library contained the following spells:

 Spells                   Type           Power      Damage    Failure   Level
 Poisonous Vapours        Pois/Air       18%        N/A       12%         2
 Lesser Beckoning         Tloc           10%        N/A       17%         2
 Momentum Strike          Conj/Tloc      6%         3d8       21%         2
 Olgreb's Toxic Radiance  Pois           16%        N/A       22%         4
 Ice Form                 Ice/Tmut       6%         N/A       58%         4
 Leda's Liquefaction      Hex/Erth       0%         N/A       77%         4
 Lee's Rapid Deconstruct  Erth           0%         3d4*      96%         5
 Statue Form              Tmut/Erth      4%         N/A       100%        6


Dungeon Overview and Level Annotations

Branches:
Dungeon (4/15)
 Temple: D:4-7

Altars:
Yredelemnul

Shops:
D:1 *

Annotations:
D:4 Pikel


Innate Abilities, Weirdness & Mutations

You are a venomous arachnid creature.
You have venomous fangs.
You are tiny and dextrous.
Your spellcasting is less reliable in this form.
Your armour is entirely melded.
You are incapable of wielding weapons or throwing items.
((Your plain brown scales are hard. (AC +6)))
You cannot fit into any form of body armour.
((You are cold-blooded and may be slowed by cold attacks.))


Message History

Your transformation has ended.
Your +0 pair of boots unmelds from your body.
Magic restored.
You see here a jackal corpse.
Pikel and 2 lemures come into view.
Pikel is wielding a +1 whip of freezing and carrying a wand of flame (22).
Found 12 gold pieces.
The lemure shouts!
The lemure moves out of view.
Pikel shouts!
You hear a shout! x2
Pikel drinks a potion.
Pikel seems to speed up.
A lemure comes into view.
Pikel zaps a wand.
The puff of flame misses you.
Pikel zaps a wand.
The puff of flame hits you.
Pikel zaps a wand.
The puff of flame hits you!
Pikel cracks his whip.
Casting: Spider Form (dangerous; 5% risk of failure)
Confirm with . or Enter, or press ? or * to list all spells.
You turn into a venomous arachnid creature.
Your +0 pair of boots melds into your body.
Pikel completely misses you.
You hit Pikel but do no damage. Pikel waves his whip at you.
Pikel zaps a wand.
The puff of flame hits you! Pikel closely misses you.
You hit Pikel.
Pikel is poisoned.
Pikel is lightly wounded.
Pikel zaps a wand.
The puff of flame hits you!
You hit Pikel.
Pikel looks as sick as possible!
Pikel is moderately wounded.
Pikel hits you with a +1 whip of freezing!
* * * LOW HITPOINT WARNING * * *
Pikel freezes you.
* * * LOW HITPOINT WARNING * * *
A lemure comes into view.
You hit Pikel but do no damage.
Pikel looks as sick as possible!
Pikel is moderately wounded.
Pikel zaps a wand.
The puff of flame hits you!
* * * LOW HITPOINT WARNING * * *
Pikel zaps a wand.
The puff of flame hits you!
You die...

#..........K$.# .#
#..####5##.#.5# #.#
#..####5##.# #.#
#.....5....# #.#
##.###..#### #.# #.# #..#
#.# #.# #..#
########.#####.###5.####.#
#.........sK5#...........#
#.######.###5.5........###
#.# #..†.######..##.# #.#
####.######..# .#
######.####### #††.......#
# #............#
#.######.##
#.####.#####.###.# #.#
##.####......#....## #.#
........#####.##.#.## #.#


You could see Pikel (fast, extremely poisoned) and 3 lemures.

Vanquished Creatures
  Sigmund (D:2)
  Natasha (thrice) (D:2)
  2 adders (D:3)
  A worm (D:2)
  A dart slug (D:1)
  4 ball pythons
  6 endoplasms
  2 giant cockroaches
  6 goblins
  4 hobgoblins
  2 jackals (D:4)
  A bat (D:1)
  4 frilled lizards
  6 kobolds
  7 rats
50 creatures vanquished.

Notes
Turn   | Place    | Note
-------+----------+-------------------------------------------
     0 | D:1      | testman the Draconian Transmuter began the quest for the
                  | Orb.
     0 | D:1      | Reached XP level 1. HP: 16/16 MP: 3/3
   158 | D:1      | Reached XP level 2. HP: 23/23 MP: 3/5
   182 | D:1      | Found a faded altar of an unknown god.
   290 | D:1      | Learned a level 2 spell: Wereblood
   292 | D:1      | Learned a level 1 spell: Sting
   382 | D:1      | Found Doonni's Assorted Antiques.
   638 | D:2      | Noticed Sigmund
   649 | D:2      | Killed Sigmund
   650 | D:2      | Reached skill level 4 in Poison Magic
   650 | D:2      | Reached XP level 3. HP: 21/28 MP: 1/6
   650 | D:2      | Reached XP level 4. HP: 26/35 MP: 1/7
   650 | D:2      | Reached XP level 5. HP: 30/40 MP: 1/8
   654 | D:2      | Learned a level 3 spell: Spider Form
   747 | D:2      | Found a basalt altar of Yredelemnul.
   790 | D:2      | Noticed Natasha
   797 | D:2      | Killed Natasha
  1051 | D:2      | Noticed Natasha
  1065 | D:2      | Killed Natasha
  1188 | D:2      | Noticed Natasha
  1195 | D:2      | Killed Natasha
  1482 | D:3      | Reached XP level 6. HP: 48/48 MP: 7/9
  1529 | D:3      | Reached skill level 1 in Translocations
  1550 | D:3      | Learned a level 2 spell: Blink
  2497 | D:4      | Noticed Pikel
  2518 | D:4      | HP: 2/48 [Pikel/puff of flame (9)]
  2518 | D:4      | Killed from afar by Pikel

Illustrated notes

Levels and vault maps discovered:
D:1:      dpeg_arrival_tiny_h, layout_basic,
          shapermc_ecumenical_altar_notcrosses, serial_shops, shop_fountains,
          minmay_misc_feat_rows
D:2:      layout_basic, basic_altar, kennysheep_nub, uniq_sigmund, uniq_natasha
D:3:      layout_loops_ring, kennysheep_boxes
D:4:      layout_loops_ring, chequers_temple_overflow_statue_of_worship,
          uniq_duvessa, uniq_robin, uniq_pikel

Skill      XL: |  1  2  3  4  5  6 |
---------------+-------------------+-----
Transmutations | 3 |  3.0
Poison Magic   | 4 |  4.8
Translocations | 1 |  1.0
Fighting       | |  1.9
Dodging        | |  1.7
Unarmed Combat | |  3.3
Spellcasting   | |  2.3

Action                     |  1- 3 |  4- 6 || total
---------------------------+-------+-------++-------
  Melee: Unarmed           |    49 |    99 ||   148
         Kick              |     7 |     3 ||    10
         Headbutt          |     7 |       ||     7
         Tailslap          |     4 |     6 ||    10
         Punch             |       |     1 ||     1
   Cast: Beastly Appendage |    13 |     2 ||    15
         Sting             |     1 |    10 ||    11
         Wereblood         |     1 |     2 ||     3
         Spider Form       |       |     8 ||     8
   Stab: Sleeping          |       |     2 ||     2
 Armour: Skin              |     7 |    19 ||    26
  Dodge: Dodged            |    28 |    57 ||    85

Table legend: (Time is in decaauts)
 A = Elapsed time spent in this place.
 B = Non-inter-level travel time spent in this place.
 C = Inter-level travel time spent in this place.
 D = Time resting spent in this place.
 E = Time spent auto-exploring this place.
 F = Levels seen in this place.
 G = Mean time per level.
                   A        B        C        D        E       F      G
               +--------+--------+--------+--------+--------+-----+--------+
         Total |   2551 |   2475 |     76 |      0 |   2034 |   4 |  637.8 |
       Dungeon |   2551 |   2475 |     76 |      0 |   2034 |   4 |  637.8 |
               +--------+--------+--------+--------+--------+-----+--------+

Top non-repeatable levels by time:
     D:2: 924 daAuts
     D:3: 885 daAuts
     D:1: 554 daAuts
     D:4: 187 daAuts
